 Dungeon Crawl Stone Soup version 0.27-a0-457-gba82baf56e (webtiles) character file.

Game seed: 12069396644773614931

9 Chiseanne the Skirmisher (level 2, 21/23 HPs)
             Began as a Demonspawn Wanderer on Feb 28, 2021.
             Quit the game on level 2 of the Dungeon.
             The game lasted 00:01:13 (269 turns).

Chiseanne the Skirmisher (Demonspawn Wanderer)       Turns: 269, Time: 00:01:14

Health: 21/23      AC:  2    Str: 15    XL:     2   Next: 3%
Magic:  2/2        EV: 11    Int: 10    God:
Gold:   0          SH:  0    Dex: 12    Spells: 1/1 levels left

rFire    . . .     SeeInvis .   a - +2 quarterstaff
rCold    . . .     Faith    .   (shield currently unavailable)
rNeg     . . .     Spirit   .   e - +0 robe
rPois    .         Reflect  .   (no helmet)
rElec    .         Harm     .   (no cloak)
rCorr    .         Rampage  .   (no gloves)
Will     .....                  (no boots)
Stlth    ++........             (no amulet)
HPRegen  0.07/turn              (no ring)
MPRegen  0.08/turn              (no ring)

@: no status effects
A: claws 1
a: no special abilities


You were on level 2 of the Dungeon.
You visited 1 branch of the dungeon, and saw 2 of its levels.

Inventory:

Hand Weapons
 a - a +2 quarterstaff (weapon)
 b - a +0 shortbow
 f - a +2 spear of freezing
Missiles
 c - 24 arrows
Armour
 e - a +0 robe (worn)
Potions
 d - 2 potions of curing


   Skills:
 * Level 2.4 Fighting
 - Level 1.7 Staves
 - Level 1.0 Throwing
 - Level 1.7 Armour
 * Level 1.0 Dodging
 - Level 1.7 Stealth
 - Level 1.0 Shields


You had one spell level left.
You didn't know any spells.
Your spell library was empty.

Dungeon Overview and Level Annotations

Branches:
Dungeon (2/15)

Altars:
Trog


Innate Abilities, Weirdness & Mutations

You have sharp fingernails.


Message History

You are too injured to fight recklessly!
You closely miss the jackal. The jackal barely misses you.
You sock the jackal!
You kill the jackal!
The frilled lizard closely misses you.
You completely miss the frilled lizard. The frilled lizard barely misses you.
You barely miss the frilled lizard. The frilled lizard misses you.
You miss the frilled lizard. The frilled lizard barely misses you.
You barely miss the frilled lizard. The frilled lizard barely misses you.
The frilled lizard completely misses you.
You hit the frilled lizard but do no damage.
The frilled lizard closely misses you.
You barely miss the frilled lizard. The frilled lizard bites you.
You sock the frilled lizard!
You kill the frilled lizard!
The goblin hits you but does no damage.
You hit the goblin.
The goblin is severely wounded.
The goblin hits you with a +0 club.
You sock the goblin!
You kill the goblin!
Things that are here:
a +0 club; a goblin corpse; a jackal corpse A jackal comes into view.
The jackal barks!
You close the door.
Things that are here:
a +0 club; a goblin corpse; a jackal corpse A rat comes into view.
A rat is nearby!
A goblin comes into view. It is wielding a +0 dagger.
The goblin closely misses you.
You thump the goblin!
You kill the goblin!
Your Dodging skill increases to level 1!
You have reached level 2!
You feel monstrous as your demonic heritage exerts itself.
Your demonic ancestry asserts itself...
Your fingernails lengthen.
Are you sure you want to abandon this character and quit the game? (Confirm with "yes".)

##.. ###..# ....#
#รท.#######
#.+.hh..+ #)###h###
#.# # #)###+###.#
#.@.......#
....#####.#)####
##....## #...#
#......# ##..#####
###......####......#
...................#
#...)..###.......#
#......# ##......#
#....<.## #......#


There were no monsters in sight!

Vanquished Creatures
  2 goblins (D:2)
  3 jackals (D:2)
  A quokka (D:2)
  A frilled lizard (D:2)
7 creatures vanquished.

Notes
Turn   | Place    | Note
-------+----------+-------------------------------------------
     0 | D:1      | Chiseanne the Demonspawn Wanderer began the quest for the
                  | Orb.
     0 | D:1      | Chiseanne set off with the following items: a +2
                  | quarterstaff, a +0 shortbow, 24 arrows, a potion of curing,
                  | a +0 robe, a +0 dagger
     0 | D:1      | Reached XP level 1. HP: 16/16 MP: 1/1
    48 | D:2      | Found a bloodstained altar of Trog.
   269 | D:2      | Reached skill level 1 in Dodging
   269 | D:2      | Gained mutation: You have sharp fingernails. [demonic
                  | ancestry]
   269 | D:2      | Reached XP level 2. HP: 21/23 MP: 2/2
   269 | D:2      | Quit the game

Illustrated notes

Levels and vault maps discovered:
D:1:      dpeg_arrival_pits, layout_basic, wad_floor_pattern_untrapped
D:2:      layout_rooms, lemuel_doored_altar

Skill      XL: |  1 |
---------------+----+-----
Dodging        | 1 |  1.0
Fighting       | |  2.4
Staves         | |  1.7
Throwing       | |  1.0
Armour         | |  1.7
Stealth        | |  1.7
Shields        | |  1.0

Action                   || total
-------------------------++-------
Melee: Quarterstaff      ||    21
Armor: Robe              ||     6
Dodge: Dodged            ||    20

Table legend: (Time is in decaauts)
 A = Elapsed time spent in this place.
 B = Non-inter-level travel time spent in this place.
 C = Inter-level travel time spent in this place.
 D = Time resting spent in this place.
 E = Time spent auto-exploring this place.
 F = Levels seen in this place.
 G = Mean time per level.
                   A        B        C        D        E       F      G
               +--------+--------+--------+--------+--------+-----+--------+
         Total |    273 |    273 |      0 |    198 |     21 |   2 |  136.5 |
       Dungeon |    273 |    273 |      0 |    198 |     21 |   2 |  136.5 |
               +--------+--------+--------+--------+--------+-----+--------+

Top non-repeatable levels by time:
     D:2: 268 daAuts
     D:1: 5 daAuts
